 Dungeon Crawl Stone Soup version 0.31-a0-826-ga5cc291a1b (webtiles) character file.

Game seed: 1998065823069571281

77 qw the Shooter (level 4, -3/27 HPs)
             Began as a Gargoyle Hunter on Sept 23, 2023.
             Slain by a gnoll
             ... wielding a +0 halberd
              (9 damage)
             ... on level 2 of the Dungeon.
             The game lasted 00:00:31 (1515 turns).

qw the Shooter (Gargoyle Hunter)                    Turns: 1515, Time: 00:00:31

Health: -3/27      AC:  9    Str: 14    XL:     4   Next: 33%
Magic:  4/4        EV: 11    Int: 10    God:
Gold:   80         SH:  0    Dex: 15    Spells: 3/3 levels left

rFire   . . .        Y - +0 shortbow
rCold   . . .        (shield currently unavailable)
rNeg    + . .        g - +0 ring mail
rPois   inf          (no helmet)
rElec   +            (no cloak)
rCorr   .            (no gloves)
SInv    .            (no boots)
Will    .....        (no amulet)
Stlth   +            (no ring)
HPRegen 0.24/turn    (no ring)
MPRegen 0.09/turn

%: no passive effects
@: no status effects
A: sickness immunity, AC +3, negative energy resistance 1, electricity
resistance, torment resistance 1, petrification resistance
a: no special abilities


You were on level 2 of the Dungeon.
You visited 1 branch of the dungeon, and saw 2 of its levels.

You collected 80 gold pieces.


Innate Abilities, Weirdness & Mutations

You are immune to sickness and miasma.
Your stone body is resilient. (AC +3)
You are immune to poison.
You resist negative energy. (rN+)
You are resistant to electric shocks. (rElec)
You are resistant to unholy torment.
You are immune to petrification.


   Skills:
 + Level 2.7 Fighting
 - Level 5.0 Ranged Weapons
 - Level 2.1 Armour
 - Level 1.5 Dodging
 - Level 1.1 Stealth


You had 3 spell levels left.
You didn't know any spells.
Your spell library was empty.

Inventory:

Hand Weapons
 Y - a +0 shortbow (weapon)
Armour
 g - a +0 ring mail (worn)
Scrolls
 c - a scroll of teleportation {unknown}
 d - a scroll of silence {unknown}
 f - a scroll of torment {unknown}
 j - 2 scrolls of identify
Potions
 a - a potion of heal wounds {unknown}
 b - 3 potions of magic {unknown}
 e - a potion of lignification {unknown}
 h - a potion of curing {unknown}
 i - a potion of enlightenment {unknown}
 k - a potion of attraction {unknown}

Dungeon Overview and Level Annotations

Branches:
Dungeon (2/15)

Altars:

Shops:
D:1 [


Message History

There is an open door here.
You see here a frilled lizard skeleton.
You see here a ball python skeleton. 2 gnolls come into view.
Found a tiny sapphire amulet.
The gnoll shouts! x2
A gnoll comes into view. It is wielding a +0 halberd.
The gnoll moves out of view.
You shoot an arrow. The gnoll shouts!
The arrow hits the gnoll but does no damage.
You hear a shout!
The gnoll hits you but does no damage.
You shoot an arrow. The arrow hits the gnoll.
The gnoll is lightly wounded.
The gnoll hits you with a +0 flail!
A goblin comes into view. It is wielding a +0 club.
You shoot an arrow. The arrow hits the gnoll.
The gnoll is heavily wounded.
The gnoll hits you with a +0 flail.
The gnoll hits you from afar with a +0 halberd!
Enter note:
Enter note:
Enter note:
Enter note:
1513 |||
Found retreat position at 0,-1 (floor) with 0 blocking monsters and 2 monsters attacking at destination at distance 1
Enter note:
Enter note:
Enter note:
Enter note:
1513 ||| Stepping ~*~*~tactically~*~*~ (retreating).
You shoot an arrow. The arrow closely misses the gnoll.
The arrow hits the gnoll.
The gnoll is almost dead.
The gnoll hits you with a +0 club. The gnoll misses you.
You shoot an arrow.
The arrow hits the gnoll but does no damage.
The gnoll hits you with a +0 club.
The gnoll hits you from afar with a +0 halberd!
You die...

#####.# #.##.#
#. #.....#
#.##.# #.
##%##.###.##.#
#.
#......#.##.#
#.
#.##........#
#.
#####.#...####
#. #.....#####
## #.##### #@#
#g# .g..."gg#
#########


You could see 3 gnolls.

Vanquished Creatures
  Terence (D:2)
  An adder (D:2)
  A worm (D:2)
  2 dart slugs (D:2)
  3 endoplasms
  2 giant cockroaches
  3 goblins
  2 hobgoblins
  2 jackals (D:1)
  4 kobolds (D:2)
  3 quokkas
  4 ball pythons
  A bat (D:2)
  4 frilled lizards
  3 rats (D:1)
36 creatures vanquished.

Notes
Turn   | Place    | Note
-------+----------+-------------------------------------------
     0 | D:1      | qw the Gargoyle Hunter began the quest for the Orb.
     0 | D:1      | Reached XP level 1. HP: 12/12 MP: 1/1
     0 | D:1      | 0 ||| qw: Version: 0.3-a-83-gcd0e7d8
     0 | D:1      | 0 ||| qw: Game counter: 1879
     0 | D:1      | 0 ||| qw: Melee chars always use a shield: true
     0 | D:1      | 0 ||| qw: God list: Okawaru
     0 | D:1      | 0 ||| qw: Allow faded altars: false
     0 | D:1      | 0 ||| qw: Do Orc after clearing Dungeon:15 true
     0 | D:1      | 0 ||| qw: Do second Lair branch before Depths: true
     0 | D:1      | 0 ||| qw: Lair rune preference: random
     0 | D:1      | 0 ||| qw: Goals: Normal
     0 | D:1      | 0 ||| PLANNING D:1-11
    73 | D:1      | Reached XP level 2. HP: 17/17 MP: 2/2
   582 | D:1      | Found Onefaewe's Antique Armour Emporium.
   587 | D:1      | 587 ||| SHOPLISTING cloak (108 gold, have 8).
   587 | D:1      | 587 ||| SHOPLISTING glowing helmet (180 gold, have 8).
   587 | D:1      | 587 ||| SHOPLISTING glowing robe (88 gold, have 8).
   587 | D:1      | 587 ||| SHOPLISTING heavily runed helmet (228 gold, have
                  | 8).
   587 | D:1      | 587 ||| SHOPLISTING pair of boots (108 gold, have 8).
   734 | D:1      | 734 ||| UPGRADING to +0 ring mail.
   744 | D:1      | 744 ||| DROPPING +0 leather armour.
   745 | D:1      | 745 ||| READING scroll labelled BAULIQ BUIHU.
   746 | D:1      | 746 ||| READING scroll labelled FUJO YTAUMO.
   747 | D:1      | 747 ||| READING scroll labelled JAIMAU QIUCA.
   748 | D:1      | 748 ||| READING 2 scrolls labelled TEMEABR CONOOM.
   749 | D:1      | 749 ||| DROPPING scroll of butterflies.
   795 | D:2      | Found a faded altar of an unknown god.
   839 | D:2      | Noticed Terence
   854 | D:2      | HP: 1/17 [Terence/+0 falchion (5)]
   855 | D:2      | Killed Terence
   856 | D:2      | Reached XP level 3. HP: 2/21 MP: 3/3
  1128 | D:2      | Reached skill level 5 in Ranged Weapons
  1128 | D:2      | Reached XP level 4. HP: 26/26 MP: 4/4
  1513 | D:2      | 1513 ||| Stepping ~*~*~tactically~*~*~ (retreating).
  1514 | D:2      | HP: 6/27 [gnoll/+0 club (3)]
  1515 | D:2      | Slain by a gnoll

Levels and vault maps discovered:
D:1:      dpeg_arrival_tiny_d, layout_basic, serial_shops,
          nicolae_shop_dealshenge
D:2:      layout_basic, hellmonk_ecumenical_altar_leap_of_faith, uniq_terence

Skill      XL: |  1  2  3 |
---------------+----------+-----
Armour         | 2 |  2.1
Ranged Weapons | 5 |  5.0
Fighting       | |  2.7
Dodging        | |  1.5
Stealth        | |  1.1

Action                     |  1- 3 |  4- 6 || total
---------------------------+-------+-------++-------
   Fire: Shortbow          |    87 |    38 ||   125
    Use: Scroll            |     4 |       ||     4
 Armour: Leather armour    |     4 |       ||     4
         Ring mail         |    17 |    16 ||    33
  Dodge: Dodged            |    20 |    16 ||    36

Table legend:
 A = Non-vault XP
 B = Vault XP
 C = Vault XP percentage of total XP
 D = Non-vault monster count
 E = Vault monster count
 F = Vault count percentage of total count
                 A         B        C        D         E       F
            +---------+---------+-------+---------+---------+-------
      Total |      78 |      32 |  29.1 |      35 |       1 |   2.8
            +---------+---------+-------+---------+---------+-------
        D:1 |      24 |       0 |   0.0 |      15 |       0 |   0.0
        D:2 |      54 |      32 |  37.2 |      20 |       1 |   4.8
            +---------+---------+-------+---------+---------+-------
